 Dungeon Crawl Stone Soup version 0.22-a0-410-g97be04f (webtiles) character file.

115530 iamserjio the Arsonist (level 16, -5/170 HPs)
             Began as an Ogre Fire Elementalist on May 10, 2018.
             Was an Elder of Vehumet.
             Slain by a dire flail of crushing (13 damage)
             ... on level 1 of the Elven Halls on May 11, 2018.
             The game lasted 02:49:22 (51626 turns).

iamserjio the Arsonist (Ogre Fire Elementalist)    Turns: 51626, Time: 02:49:23

Health: -5/170     AC: 10    Str: 20    XL:     16   Next: 68%
Magic:  18/33      EV: 15    Int: 34    God:    Vehumet [****..]
Gold:   188        SH:  4    Dex:  9    Spells: 4/42 levels left

rFire    + . .     SeeInvis +   Q - +8 flail "Ogyut" {crush, Int+3}
rCold    . . .     Gourm    .   (no shield)
rNeg     . . .     Faith    .   N - +2 robe "Qihoag" {Int+4}
rPois    +         Spirit   .   F - +2 hat
rElec    .         Reflect  +   h - +2 cloak
rCorr    .         Harm     .   (gloves unavailable)
MR       +....                  (boots unavailable)
Stlth    +.........             i - amulet "Wiczojue" {Reflect rPois Str+4 Int+3 SH+4 SInv}
HPRegen  0.38/turn              K - ring of the Swan {rF+ Int+3 Slay-3 SInv} (curse)
MPRegen  0.23/turn              Z - +2 ring of evasion

@: very slightly contaminated
A: large, unfitting armour, tough skin 1
a: Renounce Religion


You were on level 1 of the Elven Halls.
You worshipped Vehumet.
Vehumet was greatly pleased with you.
You were not hungry.

You visited 5 branches of the dungeon, and saw 25 of its levels.

You collected 2000 gold pieces.
You spent 1812 gold pieces at shops.

Inventory:

Hand Weapons
 Q - the +8 flail "Ogyut" (weapon) {crush, Int+3}
   (You found it on level 13 of the Dungeon)

   It inflicts extra damage upon your enemies.
   It affects your intelligence (+3).
 X - the +4 shortbow "Anolut" {freeze, rC+ MR++ Str-2 Stlth+}
   (You found it on level 6 of the Lair of Beasts)

   It causes projectiles fired from it to freeze those they strike, causing
   extra injury to most foes and up to half again as much damage against
   particularly susceptible opponents.
   They can also slow down cold-blooded creatures.
   It affects your strength (-2).
   It protects you from cold.
   It affects your resistance to hostile enchantments.
   It makes you more stealthy.
Missiles
 H - 39 arrows
Armour
 h - a +2 cloak (worn)
 o - a scarf of repulsion
 u - a +1 robe of cold resistance
 w - a +2 robe of the Archmagi
 A - a +2 robe of magic resistance
 D - +0 swamp dragon scales
 F - a +2 hat (worn)
 N - the +2 robe "Qihoag" (worn) {Int+4}
   (You bought it in a shop on level 10 of the Dungeon)

   It affects your intelligence (+4).
 P - a scarf of spirit shield
Magical Staves
 y - an uncursed staff of energy
 W - an uncursed staff of cold
Jewellery
 i - the amulet "Wiczojue" (around neck) {Reflect rPois Str+4 Int+3 SH+4 SInv}
   (You bought it in a shop on level 11 of the Dungeon)

   [amulet of reflection]

   It shields you and reflects attacks.
   It affects your strength (+4).
   It affects your intelligence (+3).
   It protects you from poison.
   It lets you see invisible.
   It affects your SH (+4).
 s - an uncursed amulet of magic regeneration
 K - the cursed ring of the Swan (left hand) {rF+ Int+3 Slay-3 SInv}
   (You bought it in a shop on level 1 of the Elven Halls)

   [ring of slaying]

   It affects your intelligence (+3).
   It affects your accuracy and damage with ranged weapons and melee attacks
   (-3).
   It protects you from fire.
   It lets you see invisible.
   It has a curse placed upon it.
 Z - a +2 ring of evasion (right hand)
Wands
 e - a wand of acid (8)
 x - a wand of clouds (3)
 E - a wand of disintegration (26)
 T - a wand of scattershot (6)
Scrolls
 j - a scroll of fog
 l - 3 scrolls of immolation
 n - a scroll of fear
 p - 2 scrolls of identify
 r - 2 scrolls of blinking
 t - 2 scrolls of amnesia
 z - 6 scrolls of remove curse
 G - 3 scrolls of magic mapping
 I - a scroll of summoning {unknown}
 M - a scroll of vulnerability
 O - 2 scrolls of teleportation
 R - a scroll of holy word
Potions
 a - 6 potions of ambrosia
 b - a potion of might
 d - a potion of magic
 f - 8 potions of curing
 g - 3 potions of berserk rage
 k - 4 potions of cancellation
 q - a potion of resistance
 v - a potion of invisibility
 B - 5 potions of haste
 C - 8 potions of flight
 L - a potion of brilliance
 S - 2 potions of mutation
Miscellaneous
 V - a phantom mirror
 Y - a box of beasts
Comestibles
 c - 13 rations


   Skills:
 - Level 13.5 Fighting
 + Level 7.7 Dodging
 - Level 1.4 Stealth
 + Level 13.8 Spellcasting
 + Level 14.3 Conjurations
 - Level 5.0 Summonings
 * Level 14.5 Fire Magic


You had 4 spell levels left.
You knew the following spells:

 Your Spells              Type           Power        Failure   Level  Hunger
a - Flame Tongue          Conj/Fire      #####        0%          1    None
b - Conjure Flame         Conj/Fire      #######.     0%          3    None
c - Sticky Flame          Conj/Fire      #######.     1%          4    None
d - Fireball              Conj/Fire      #######...   1%          5    None
e - Summon Small Mammal   Summ           ####         1%          1    None
f - Fulminant Prism       Conj/Hex       ######....   1%          4    None
g - Summon Butterflies    Summ           ######..     1%          1    None
h - Bolt of Cold          Conj/Ice       ######....   4%          6    ###....
i - Poison Arrow          Conj/Pois      ######....   4%          6    ###....
j - Spellforged Servitor  Conj/Summ      ######....   8%          7    #####..


Dungeon Overview and Level Annotations

Branches:
Dungeon (15/15)            Temple (1/1) D:5            Lair (6/6) D:11
 Shoals (0/4) Lair:4        Snake (0/4) Lair:3        Slime (0/5) Lair:5
    Orc (2/2) D:9             Elf (1/3) Orc:2        Vaults (0/5) D:14
 Depths (0/5) D:15

Altars:
Ashenzari
Cheibriados
Dithmenos
Elyvilon
Fedhas
Gozag
Hepliaklqana
Kikubaaqudgha
Makhleb
Okawaru
Ru
Sif Muna
Trog
Uskayaw
Vehumet
Wu Jian
Xom
Yredelemnul
Zin
The Shining One
Beogh

Shops:
D:10 [   D:11 =   D:15 =   Orc:1 :   Orc:2 =*?:   Elf:1 =


Innate Abilities, Weirdness & Mutations

You are too large for most types of armour.
You have tough skin. (AC +1)


Message History

You see here a long sword.
Things that are here:
a rapier; a leather armour; a dagger
Casting: Summon Butterflies (safe; 1% risk of failure)
Confirm with . or Enter, or press ? or * to list all spells.
Casting: Summon Butterflies (safe; 1% risk of failure)
Confirm with . or Enter, or press ? or * to list all spells.
The dire flail of crushing hits you!!
* * * LOW HITPOINT WARNING * * *
x2 You swap places.
The dire flail of crushing hits your butterfly.
Your butterfly dies!
The dire flail of crushing hits your butterfly!!
Your butterfly dies!
Casting: Summon Butterflies (safe; 1% risk of failure)
Confirm with . or Enter, or press ? or * to list all spells.
You swap places.
Your butterfly disappears in a puff of smoke!
The dire flail of crushing hits you!
You die...

#############
###...........###
##..[...^<.[b....##
#.....8..)..8.)...#
#.......b@|.......#
#....[..8(8bbb....#####
#........bb.b[ยง...#...#
#.8...b..)bb.b..8.#...# #
#...[.....bb......#...# #
##..).8.....8....##...####
###
###..[........####.......
..#
#####[###.###.#####.b.....
..###
#.##..#.#.#.#......)......


You could see a dire flail of crushing.

Vanquished Creatures
  Frances (D:12)
  An orc warlord (D:9)
  A deep elf sorcerer (Elf:1)
  A stone giant (Orc:2)
  Azrael (D:15)
  2 dire elephants
  An ettin (D:14)
  Snorg (Lair:5)
  Josephine (D:10)
  Erolcha (D:13)
  5 hydras
  An ice dragon (D:14)
  2 centaur warriors (D:15)
  3 catoblepae
  7 two-headed ogres
  4 dancing weapons
  7 death yaks
  A deep troll shaman (Lair:6)
  Urug (Lair:2)
  An orc high priest (Orc:2)
  6 deep elf knights (Elf:1)
  An unseen horror (D:11)
  A wizard (Elf:1)
  2 swamp dragons (Lair:1)
  3 deep elf archers (Elf:1)
  A lindwurm (Lair:6)
  2 wolf spider zombies (D:15)
  4 orc knights
  6 orc sorcerers (Orc:2)
  A wolf spider (D:14)
  17 deep elf magi (Elf:1)
  2 oklob plants (Lair:5)
  6 manticores
  4 ugly things
  4 centaur zombies
  Joseph (D:8)
  A cyclops (D:13)
  13 elephants
  A naga mage (D:15)
  8 black mambas
  A centaur skeleton (D:15)
  A guardian serpent (Elf:1)
  2 gargoyles
  Psyche (D:8)
  6 spiny frogs
  An efreet (D:14)
  11 rime drakes
  A komodo dragon (shapeshifter) (D:14)
  A freezing wraith (D:14)
  9 komodo dragons
  2 tengu conjurers
  A queen bee (D:9)
  A polar bear (Lair:6)
  A hornet (D:9)
  15 blink frogs
  8 trolls
  6 slime creatures
  11 hippogriffs
  2 saltlings (Elf:1)
  4 wyverns
  A water elemental (Elf:1)
  2 vampires
  6 wraiths
  5 fire elementals (D:15)
  A human (D:8)
  3 basilisks
  A hog (shapeshifter) (Elf:1)
  3 hogs (D:8)
  A hungry ghost (D:8)
  66 yaks
  2 vampire mosquitoes (D:14)
  2 wargs
  2 hell hounds (D:15)
  18 water moccasins
  10 porcupines
  A sky beast (shapeshifter) (D:15)
  4 black bears
  A black bear (shapeshifter) (D:14)
  3 ice beasts
  42 orc warriors
  3 sky beasts
  7 phantoms
  13 ogres
  6 boggarts
  12 centaurs
  4 wolves (Lair:6)
  15 crocodiles
  A big kobold (D:10)
  2 earth elementals
  2 gnoll sergeants
  16 bullfrogs
  3 scorpions
  36 killer bees
  A howler monkey (D:12)
  17 wights
  4 crimson imps
  5 hounds
  2 bullfrog zombies
  A jelly (D:13)
  A quasit (D:4)
  27 orc priests
  43 orc wizards
  A bullfrog skeleton (D:6)
  Ijyb (D:5)
  6 iguanas
  Natasha (thrice) (D:4)
  8 worker ants
  10 gnolls
  16 adders
  2 shadow imps (D:12)
  2 oozes
  A worm (D:2)
  A dart slug (D:5)
  5 leopard geckos
  120 orcs
  2 ball pythons
  3 giant cockroaches
  11 hobgoblins
  2 jackals (D:6)
  5 quokkas
  A ball python skeleton (D:4)
  5 bats
  A frilled lizard (D:3)
  8 goblins
  A jackal skeleton (D:6)
  11 kobolds
  9 rats
  4 fungi
  6 plants
852 creatures vanquished.

Vanquished Creatures (collateral kills)
  An earth elemental (Elf:1)
1 creature vanquished.

Vanquished Creatures (others)
  A deep elf archer (Elf:1)
  A centaur skeleton (D:15)
  A vampire mosquito (D:15)
  An orc priest (Orc:1)
  An orc wizard (Orc:2)
  An orc (D:5)
  11 fulminant prisms
  20 fungi
  17 plants
54 creatures vanquished.

Grand Total: 907 creatures vanquished

Notes
Turn   | Place    | Note
-------+----------+-------------------------------------------
     0 | D:1      | iamserjio the Ogre Fire Elementalist began the quest for the Orb.
     0 | D:1      | Reached XP level 1. HP: 16/16 MP: 3/3
    96 | D:1      | Reached skill level 1 in Conjurations
   220 | D:1      | Reached XP level 2. HP: 2/24 MP: 3/5
  1389 | D:2      | Reached XP level 3. HP: 30/31 MP: 1/7
  1561 | D:2      | Learned a level 3 spell: Conjure Flame
  1744 | D:2      | Reached XP level 4. HP: 31/39 MP: 0/8
  2069 | D:2      | Found a faded altar of an unknown god.
  2078 | D:2      | Reached XP level 5. HP: 45/45 MP: 7/9
  2424 | D:3      | Learned a level 4 spell: Sticky Flame
  2476 | D:3      | Noticed an ogre
  2495 | D:3      | Killed an ogre
  2944 | D:3      | Reached XP level 6. HP: 48/53 MP: 11/11
  4098 | D:4      | Noticed Natasha
  4104 | D:4      | Killed Natasha
  4617 | D:4      | Noticed Natasha
  4625 | D:4      | Killed Natasha
  4883 | D:4      | Noticed Natasha
  4895 | D:4      | Killed Natasha
  5330 | D:5      | Entered Level 5 of the Dungeon
  5343 | D:5      | Learned a level 5 spell: Fireball
  5360 | D:4      | Reached XP level 7. HP: 51/59 MP: 8/13
  5442 | D:5      | Reached skill level 5 in Fire Magic
  5942 | D:5      | Found an ancient bone altar of Kikubaaqudgha.
  5946 | D:5      | Found a hazy altar of Hepliaklqana.
  6169 | D:5      | Found a hide-covered altar of Uskayaw.
  6505 | D:5      | Noticed Ijyb
  6811 | D:5      | Reached skill level 5 in Conjurations
  6811 | D:5      | Reached XP level 8. HP: 67/67 MP: 8/15
  7299 | D:5      | Found a staircase to the Ecumenical Temple.
  7306 | Temple   | Entered the Ecumenical Temple
  7353 | Temple   | Became a worshipper of Vehumet
  7412 | D:5      | Killed Ijyb
  7412 | D:5      | Reached skill level 5 in Spellcasting
  8605 | D:7      | Reached * piety under Vehumet
  8605 | D:7      | Offered knowledge of Sting by Vehumet.
  8963 | D:7      | Reached skill level 1 in Fighting
  9253 | D:6      | Reached XP level 9. HP: 34/78 MP: 1/17
  9445 | D:6      | Upgraded the game from 0.22-a0-409-gb855193 to 0.22-a0-410-g97be04f
 10572 | D:8      | Learned a level 1 spell: Summon Small Mammal
 10638 | D:8      | Noticed Psyche
 11824 | D:8      | Offered knowledge of Shock by Vehumet.
 11824 | D:8      | Reached XP level 10. HP: 94/94 MP: 9/20
 11846 | D:8      | Reached skill level 5 in Fighting
 12197 | D:8      | Killed Psyche
 12197 | D:8      | Reached ** piety under Vehumet
 12309 | D:8      | Noticed Joseph
 12317 | D:8      | Killed Joseph
 12957 | D:9      | Found a bloodstained altar of Trog.
 12986 | D:9      | Got a translucent long sword
 13286 | D:9      | Identified the cursed +1 long sword of Innocence {slice, MR+ MP-9 Str+6} (You found it on level 9 of the Dungeon)
 13318 | D:9      | Found a staircase to the Orcish Mines.
 13835 | D:9      | Reached XP level 11. HP: 107/107 MP: 7/23
 13837 | D:9      | Offered knowledge of Static Discharge by Vehumet.
 14042 | D:9      | Reached *** piety under Vehumet
 14823 | D:10     | Entered Level 10 of the Dungeon
 15096 | D:10     | Found Doqejok's Armour Emporium.
 15137 | D:10     | Offered knowledge of Fulminant Prism by Vehumet.
 15143 | D:10     | Learned a level 4 spell: Fulminant Prism
 15145 | D:10     | Learned a level 1 spell: Summon Butterflies
 15771 | D:10     | Found a blossoming altar of Fedhas.
 15955 | D:10     | Bought the +2 robe "Qihoag" {Int+4} for 417 gold pieces
 16002 | D:11     | Noticed a two-headed ogre
 16068 | D:11     | Noticed a two-headed ogre
 16281 | D:10     | Killed a two-headed ogre
 16281 | D:10     | Reached skill level 10 in Fire Magic
 16615 | D:11     | Noticed a two-headed ogre
 16852 | D:10     | Killed a two-headed ogre
 17013 | D:11     | Reached **** piety under Vehumet
 17326 | D:11     | Killed a two-headed ogre
 17327 | D:11     | Noticed Josephine
 17334 | D:11     | Noticed a manticore
 17856 | D:11     | Killed a manticore
 18049 | D:10     | Killed Josephine
 18049 | D:10     | Reached skill level 10 in Spellcasting
 18049 | D:10     | Reached skill level 10 in Conjurations
 18135 | D:10     | Offered knowledge of Throw Icicle by Vehumet.
 18135 | D:10     | Reached XP level 12. HP: 122/122 MP: 24/26
 18381 | D:11     | Found Jotwyet's Jewellery Emporium.
 18508 | D:11     | Found a staircase to the Lair.
 19095 | D:11     | You fall through a shaft for 3 floors!
 19335 | D:13     | Noticed a two-headed ogre
 19342 | D:13     | Killed a two-headed ogre
 20022 | D:12     | Noticed a two-headed ogre
 20283 | D:12     | Noticed Frances
 20380 | D:12     | Noticed a six-headed hydra
 20499 | D:12     | Noticed a four-headed hydra
 20502 | D:12     | Killed a four-headed hydra
 20502 | D:12     | Reached ***** piety under Vehumet
 20611 | D:12     | Offered knowledge of Bolt of Cold by Vehumet.
 20794 | D:11     | Killed a two-headed ogre
 21337 | D:12     | Killed a six-headed hydra
 21437 | D:12     | Reached skill level 10 in Fighting
 21442 | D:12     | Reached XP level 13. HP: 133/133 MP: 9/28
 21941 | D:12     | Killed Frances
 22285 | D:13     | Got a faintly glowing flail
 22322 | D:13     | Noticed Erolcha
 22324 | D:13     | Killed Erolcha
 22520 | D:13     | Found a snail-covered altar of Cheibriados.
 22723 | D:13     | Identified the Tome of Creation
 23181 | D:14     | Identified the +8 flail "Ogyut" {crush, Int+3} (You found it on level 13 of the Dungeon)
 23698 | D:13     | Learned a level 6 spell: Bolt of Cold
 24327 | D:14     | Noticed an ettin
 24329 | D:14     | Noticed an ice dragon
 24993 | D:14     | Offered knowledge of Bolt of Fire by Vehumet.
 25303 | D:14     | Killed an ice dragon
 25448 | D:14     | Found a gate to the Vaults.
 25591 | D:15     | Entered Level 15 of the Dungeon
 25679 | D:15     | Noticed a dire elephant
 25936 | D:14     | Killed an ettin
 26221 | D:15     | Found a glowing golden altar of the Shining One.
 26327 | D:15     | Reached XP level 14. HP: 126/146 MP: 15/29
 26612 | D:15     | Found a staircase to the Depths.
 26677 | D:15     | Found Cearph's Jewellery Emporium.
 26707 | D:15     | Killed a dire elephant
 27556 | D:15     | Noticed Azrael
 27580 | D:15     | Killed Azrael
 28195 | Orc:1    | Entered Level 1 of the Orcish Mines
 28590 | Orc:1    | Found a roughly hewn altar of Beogh.
 28750 | Orc:2    | Entered Level 2 of the Orcish Mines
 28752 | Orc:2    | Noticed an orc warlord
 29159 | D:9      | Killed an orc warlord
 29896 | Orc:1    | Found Emuvedua's Book Shop.
 30417 | Orc:2    | Offered knowledge of Lee's Rapid Deconstruction by Vehumet.
 30622 | Orc:1    | Learned a level 3 spell: Mephitic Cloud
 30950 | Orc:2    | Noticed a stone giant
 31152 | Orc:2    | Killed a stone giant
 33468 | Orc:2    | Found a staircase to the Elven Halls.
 33628 | Orc:2    | Found Qioqe's Book Shoppe.
 33628 | Orc:2    | Found Lyituk's Assorted Antiques.
 33631 | Orc:2    | Found Dophucse's Magic Scroll Shoppe.
 33631 | Orc:2    | Found Roleroef's Jewellery Emporium.
 33643 | Orc:2    | Bought a scroll of teleportation for 48 gold pieces
 33643 | Orc:2    | Bought a scroll of fear for 56 gold pieces
 33879 | D:11     | Bought the amulet "Wiczojue" {Reflect rPois Str+4 Int+3 SH+4 SInv} for 913 gold pieces
 34073 | Elf:1    | Entered Level 1 of the Elven Halls
 35141 | Elf:1    | Reached XP level 15. HP: 128/157 MP: 0/31
 35390 | Elf:1    | Reached skill level 5 in Dodging
 35960 | Lair:1   | Entered Level 1 of the Lair of Beasts
 36294 | Lair:1   | Found a transporter.
 36403 | Lair:1   | Got a wavering iron amulet
 36591 | Lair:1   | Found a transporter.
 37011 | Lair:1   | Identified the amulet of Pekk {+Rage Int+4 Dex+6} (You found it on level 1 of the Lair of Beasts)
 37208 | Lair:2   | Noticed Urug
 37216 | Lair:2   | Killed Urug
 39040 | Lair:2   | Offered knowledge of Spellforged Servitor by Vehumet.
 39356 | Lair:2   | Learned a level 7 spell: Spellforged Servitor
 40181 | Lair:3   | Found a staircase to the Snake Pit.
 40188 | Lair:3   | Reached skill level 1 in Summonings
 41842 | Lair:4   | Found a staircase to the Shoals.
 43940 | Lair:5   | Found a staircase to the Slime Pits.
 44378 | Lair:5   | Noticed Snorg
 44971 | Lair:5   | Killed Snorg
 45128 | Lair:5   | Offered knowledge of Poison Arrow by Vehumet.
 45178 | Lair:5   | Learned a level 6 spell: Poison Arrow
 45601 | Lair:6   | Entered Level 6 of the Lair of Beasts
 45773 | Lair:6   | Got a pitted shortbow
 45972 | Lair:6   | Identified the +4 shortbow "Anolut" {freeze, rC+ MR++ Str-2 Stlth+} (You found it on level 6 of the Lair of Beasts)
 46097 | Lair:6   | Reached XP level 16. HP: 157/167 MP: 8/33
 46713 | Lair:6   | Reached skill level 5 in Summonings
 51111 | Elf:1    | Found Kytsaps's Jewellery Shop.
 51119 | Elf:1    | Bought the cursed ring of the Swan {rF+ Int+3 Slay-3 SInv} for 378 gold pieces
 51623 | Elf:1    | HP: 7/170 [dire flail of crushing (3)]
 51626 | Elf:1    | Slain by a dire flail of crushing

Vault maps used:
D:1:      tarquinn_simple_flora_water_a, lemuel_another_geyser
D:2:      chequers_ecumenical_altar_simple_redux, first_ration,
          kennysheep_potato
D:3:      kennysheep_generic_room_15
D:4:      uniq_natasha
D:5:      grunt_temple_overflow_open, temple_statues, roderic_malta_cross,
          uniq_ijyb
D:6:      serial_park_tiny_1
D:8:      grunt_livestock, minivault_1, uniq_joseph, uniq_psyche
D:9:      trog_ov_bears_minmay, orc_david_3
D:10:     basic_altar, serial_shops, shop
D:11:     david_lair_shrubbed, serial_shops, kennysheep_mini_moat,
          uniq_josephine
D:12:     uniq_frances
D:13:     basic_altar, uniq_erolcha
D:14:     david_vaults_4, nicolae_sextant, special_room,
          minmay_stone_trees_large
D:15:     hangedman_depths_entry_try_elsewhere_first, serial_shops,
          nicolae_shop_behind_doors, lemuel_doored_altar, uniq_azrael
Temple:   compressed_dpeg_circular_temple
Lair:1:   gammafunk_cloud_chamber
Lair:2:   st_stairs_6, grunt_megastairs_3, uniq_urug
Lair:3:   minmay_snake_entry_six_corridors, minivault_24,
          infiniplex_staircase_pool
Lair:4:   elwin_shoals_entry_rocks
Lair:5:   slime_dummy, special_room, beast_lair_carwin_6,
          minmay_lair_oklob_chamber, uniq_snorg
Lair:6:   grunt_lair_end_beastmaster
Orc:1:    serial_shops, shop, mines2_david
Orc:2:    st_orc_mages
Elf:1:    elf_arrival_002, portal_desolation_entry_salt,
          portal_ice_cave_entry_horrid_things, serial_shops,
          nicolae_shop_competitors_out_of_business, shop, shop_fountains,
          nicolae_shop_crystal, shop, hangedman_elf_disciples

Skill      XL: |  1  2  3  4  5  6  7  8  9 10 11 12 13 14 15 16 |
---------------+-------------------------------------------------+-----
Conjurations   | 1 2 3 4 5 6 7 9 10 11 12 13 14 | 14.3
Fire Magic     | 3 4 5 6 8 9 10 11 12 13 14 | 14.5
Spellcasting   | 3 4 5 6 8 10 11 12 13 | 13.8
Fighting       | 1 4 6 8 10 11 12 13 | 13.5
Dodging        | 4 6 7 |  7.7
Summonings     | 4 5 |  5.0
Stealth        | |  1.4

Action                   |  1- 3 |  4- 6 |  7- 9 | 10-12 | 13-15 | 16-18 || total
-------------------------+-------+-------+-------+-------+-------+-------++-------
Melee: Dagger            |    14 |    67 |    49 |    17 |       |       ||   147
       Staff             |       |     1 |     4 |    49 |    13 |       ||    67
       Flail             |       |       |       |    31 |   351 |    79 ||   461
 Cast: Flame Tongue      |    47 |    89 |   170 |   115 |    48 |    12 ||   481
       Conjure Flame     |       |     5 |    14 |    20 |    17 |     9 ||    65
       Sticky Flame      |       |     1 |    48 |    81 |   135 |    36 ||   301
       Fireball          |       |       |    11 |   147 |   420 |    70 ||   648
       Summon Butterflie |       |       |       |     1 |     5 |     8 ||    14
       Bolt of Cold      |       |       |       |       |     9 |     3 ||    12
       Fulminant Prism   |       |       |       |       |    10 |     1 ||    11
       Poison Arrow      |       |       |       |       |       |     6 ||     6
       Spellforged Servi |       |       |       |       |       |     5 ||     5
Evoke: Wand              |       |       |       |     8 |     8 |     5 ||    21
  Use: Scroll            |     2 |     4 |     5 |    18 |    20 |     8 ||    57
       Potion            |       |       |       |     1 |       |     2 ||     3
 Stab: Sleeping          |       |     3 |       |       |       |       ||     3
       Distracted        |       |       |       |       |       |     1 ||     1
  Eat: Chunk             |     3 |     8 |    20 |    18 |    66 |     9 ||   124
       Ration            |       |     1 |     2 |     6 |    16 |     3 ||    28
Armor: Robe              |    11 |    27 |    27 |   114 |   228 |    38 ||   445
Dodge: Dodged            |    21 |    65 |    58 |   130 |   331 |    91 ||   696
       Deflected         |       |       |       |       |       |     1 ||     1
Block: Other             |       |       |       |       |    67 |    16 ||    83
       Reflection        |       |       |       |       |     1 |     1 ||     2

Table legend:
 A = Spawn XP
 B = Non-spawn XP
 C = Spawn XP percentage of total XP
 D = Spawn monster count
 E = Non-spawn monster count
 F = Spawn count percentage of total count
 G = Total turns spent on level
                    A         B        C        D         E        F      G
               +---------+---------+-------+---------+---------+-------+---------
         Total |       0 |  165044 |   0.0 |       0 |     844 |   0.0 | 51626
               +---------+---------+-------+---------+---------+-------+---------
           D:1 |       0 |      29 |   0.0 |       0 |      15 |   0.0 |  1069
           D:2 |       0 |     145 |   0.0 |       0 |      25 |   0.0 |  1340
           D:3 |       0 |     186 |   0.0 |       0 |      25 |   0.0 |  1234
           D:4 |       0 |     296 |   0.0 |       0 |      17 |   0.0 |  1954
           D:5 |       0 |     676 |   0.0 |       0 |      19 |   0.0 |  1833
           D:6 |       0 |     818 |   0.0 |       0 |      22 |   0.0 |  1763
           D:7 |       0 |     728 |   0.0 |       0 |      15 |   0.0 |  1712
           D:8 |       0 |    3818 |   0.0 |       0 |      35 |   0.0 |  1883
           D:9 |       0 |    6203 |   0.0 |       0 |      56 |   0.0 |  3167
          D:10 |       0 |    5735 |   0.0 |       0 |      46 |   0.0 |  3464
          D:11 |       0 |    5688 |   0.0 |       0 |      25 |   0.0 |  2496
          D:12 |       0 |   11645 |   0.0 |       0 |      68 |   0.0 |  1164
          D:13 |       0 |    7866 |   0.0 |       0 |      31 |   0.0 |  1603
          D:14 |       0 |    9326 |   0.0 |       0 |      41 |   0.0 |  2891
          D:15 |       0 |   13199 |   0.0 |       0 |      33 |   0.0 |  1887
        Lair:1 |       0 |    4528 |   0.0 |       0 |      12 |   0.0 |  1362
        Lair:2 |       0 |    7672 |   0.0 |       0 |      33 |   0.0 |  3233
        Lair:3 |       0 |    8902 |   0.0 |       0 |      37 |   0.0 |  2062
        Lair:4 |       0 |    6607 |   0.0 |       0 |      22 |   0.0 |  1402
        Lair:5 |       0 |   10099 |   0.0 |       0 |      30 |   0.0 |  1966
        Lair:6 |       0 |   21004 |   0.0 |       0 |      53 |   0.0 |  3686
         Orc:1 |       0 |    5255 |   0.0 |       0 |      55 |   0.0 |  2085
         Orc:2 |       0 |   12817 |   0.0 |       0 |      90 |   0.0 |  5052
         Elf:1 |       0 |   21802 |   0.0 |       0 |      39 |   0.0 |  1261
               +---------+---------+-------+---------+---------+-------+---------
